 Dungeon Crawl Stone Soup version 0.29-a0-1027-gcd8c55af63 (webtiles) character file.

Game seed: 317032380680636220

9912 wingedge the Fighter (level 11, -22/104 HPs)
             Began as a Minotaur Hunter on Aug 12, 2022.
             Was an Initiate of Ashenzari.
             Annihilated by a death knight
             ... wielding a +0 vorpal battleaxe
              (25 damage)
             ... on level 9 of the Dungeon.
             The game lasted 01:00:12 (10601 turns).

wingedge the Fighter (Minotaur Hunter)             Turns: 10601, Time: 01:00:13

Health: -22/104    AC: 11    Str: 20 (21) XL:     11   Next: 29%
Magic:  10/10      EV: 12    Int:  3 (6)  God:    Ashenzari [......]
Gold:   650        SH:  0    Dex: 13 (16) Spells: 10/10 levels left

rFire   . . .      SeeInvis +   m - +2 battleaxe (spect)
rCold   . . .      Faith    .   (shield currently unavailable)
rNeg    . . .      Spirit   .   J - +0 acid dragon scales
rPois   .          Reflect  .   (helmet restricted)
rElec   .          Harm     .   H - +0 cloak
rCorr   +          Rampage  .   (no gloves)
Will    .....                   o - +1 pair of boots "Omniscient Adversity" {Fort, Self} (curse)
Stlth   +.........              (no amulet)
HPRegen 0.27/turn               E - ring of resist corrosion
MPRegen 0.12/turn               Q - ring "Seurgh" {Str+3 SInv}

@: no status effects
A: horns 2, retaliatory headbutt
a: Renounce Religion, Curse Item, Shatter the Chains


You were on level 9 of the Dungeon.
You worshipped Ashenzari.
Ashenzari was noncommittal.
You visited 1 branch of the dungeon, and saw 9 of its levels.

You collected 650 gold pieces.

Inventory:

Hand Weapons
 a - a +2 sling of flaming
 b - the +7 spear of Arrival {vorpal, rElec rPois rF-}
   (You found it on level 3 of the Dungeon)

   It inflicts extra damage upon your enemies.
   rF:        It makes you vulnerable to fire.
   rElec:     It insulates you from electricity.
   rPois:     It protects you from poison.
 m - a +2 spectral battleaxe (weapon)
 t - a +2 vampiric bardiche
 u - a +2 war axe of electrocution
 w - a +3 spear
 D - a +5 vorpal spear
 K - a +2 arbalest of freezing
 M - a +1 spear of venom
 O - a +0 sling of freezing
Missiles
 x - 7 javelins (quivered)
Armour
 g - a +0 troll leather armour
 o - the cursed +1 pair of boots "Omniscient Adversity" (worn) {Fort, Self}
   (You found it on level 2 of the Dungeon)

   It has a curse which improves the following skills: Fortitude: Armour and
   Shields.
   Introspection: Fighting and Spellcasting.
 v - a +0 robe of resistance
 A - a +2 scale mail of cold resistance
 F - a +0 buckler
 H - a +0 cloak (worn)
 J - +0 acid dragon scales (worn)
Magical Staves
 e - a staff of death
Jewellery
 i - a ring of ice
 r - a ring of wizardry
 E - a ring of resist corrosion (left hand)
 Q - the ring "Seurgh" (right hand) {Str+3 SInv}
   (You took it off an orc warrior on level 9 of the Dungeon)

   [ring of see invisible]

   Str:       It affects your strength (+3).
   SInv:      It lets you see invisible.
Wands
 l - a wand of polymorph (12)
 z - a wand of flame (20)
 C - a wand of mindburst (3)
Scrolls
 d - a scroll of torment
 f - a scroll of immolation
 j - 2 scrolls of enchant weapon
 n - 2 scrolls of vulnerability
 q - 3 scrolls of teleportation
 y - 2 scrolls of amnesia
 L - a scroll of magic mapping {unknown}
Potions
 c - 2 potions of mutation
 h - a potion of brilliance
 k - 3 potions of might
 s - 2 potions of magic
 B - 3 potions of degeneration
 N - a potion of heal wounds {unknown}
Miscellaneous
 G - a tin of tremorstones (inert)


   Skills:
 - Level 11.7(12.1) Fighting
 - Level 9.2(11.0) Axes
 - Level 9.5(11.1) Polearms
 + Level 6.2 Ranged Weapons
 - Level 3.0 Throwing
 - Level 5.7(6.1) Armour
 - Level 4.0 Dodging
 - Level 1.0 Stealth
 - Level 3.6(4.0) Shields
 - Level 5.0 Evocations


You had 10 spell levels left.
You didn't know any spells.
Your spell library contained the following spells:

 Spells                   Type           Power      Damage    Failure   Level
 Shock                    Conj/Air       0%         1d3       61%         1
 Spellforged Servitor     Conj/Summ      0%         N/A       100%        7


Dungeon Overview and Level Annotations

Branches:
Dungeon (9/15)             Temple (0/1) D:6             Orc (0/2) D:9
   Lair: D:8-11

Altars:
Ashenzari
Gozag
Okawaru
Ru
Sif Muna
Wu Jian
Xom
Zin


Innate Abilities, Weirdness & Mutations

You have a pair of horns on your head.
You reflexively headbutt those who attack you in melee.


Message History

You closely miss the death knight. Your headbutt misses the death knight.
The death knight is heavily wounded.
Your +2 spectral battleaxe hits the death knight!
The death knight closely misses you.
The death knight hits your +2 spectral battleaxe with a +0 vorpal battleaxe!
Your spectral weapon shares its damage with you! x2
The death knight hits you with a +0 vorpal battleaxe!!
The death knight hits your +2 spectral battleaxe with a +0 vorpal battleaxe!
Your spectral weapon shares its damage with you!
Your +2 spectral battleaxe fades away.
You hit the death knight but do no damage.
You headbutt the death knight, but do no damage.
The death knight is severely wounded.
Your +2 spectral battleaxe barely misses the death knight.
The death knight invokes the aid of Yredelemnul against you.
Your body is wracked with pain!
* * * LOW HITPOINT WARNING * * *
You hit the death knight but do no damage.
The death knight is severely wounded.
Your +2 spectral battleaxe hits the death knight!!
The death knight hits you with a +0 vorpal battleaxe!!
* * * LOW HITPOINT WARNING * * *
x2 The death knight hits your +2 spectral battleaxe with a +0 vorpal battleaxe!
Your spectral weapon shares its damage with you! x2
* * * LOW HITPOINT WARNING * * *
You closely miss the death knight.
The death knight is almost dead.
Your +2 spectral battleaxe barely misses the death knight.
The death knight offers itself to Yredelemnul, and fills with unholy energy.
Okay, then.
Okay, then.
Really read the scroll of poison?
The air fills with toxic fumes!
As you read the scroll of poison, it crumbles to dust.
The death knight calls down the wrath of Yredelemnul upon you.
You feel a surge of unholy energy.
Really walk into that cloud of poison gas?
The death knight attacks as you move away!
The death knight hits you with a +0 vorpal battleaxe!!
You die...

###....#....#######
#§§§.§[.......##..#
###§§§§#...##..#....#
###§§§§§§§....#####....
##§§§§§§#§....## ###....
#§§§§§§§§#....####....#.
###§§§§§§..##...#....###
##§§§§§p#.###...........
##§§§§§§@#####.......##..
#§§§§§§§§##.##.###.......
#§§§§§§§§§.....#.#.......
##§§§§§§###..#...........
#§§§§§§§####.#...........
##§§§§§§§.#..........§§§§§
#.§§§§§§§###.#...#...p§§§§
###§§§§§§§.#...####...§§§§o
#...............#....#..§§§


You could see a death knight (reflects damage).

Vanquished Creatures
  A two-headed ogre (D:8)
  A death knight (D:9)
  2 ugly things (D:9)
  2 deep elf pyromancers (D:9)
  A troll (D:9)
  2 hornets (D:9)
  Prince Ribbit (D:6)
  Grinder (D:6)
  2 wyverns (D:9)
  A shadow (D:9)
  5 yaks
  A steam dragon (D:8)
  2 acid dragons
  2 water moccasins
  3 sky beasts
  3 black bears
  3 orc warriors (D:9)
  4 ice beasts
  3 centaurs
  A phantom (D:5)
  2 bullfrogs
  3 kobold brigands
  4 gnoll sergeants
  4 necrophages
  6 wights
  6 killer bees (D:9)
  4 howler monkeys
  2 hounds
  4 jellies
  3 orc priests
  2 gnoll boudas
  Natasha (twice) (D:3)
  3 iguanas
  4 orc wizards
  20 gnolls
  An adder (D:2)
  A shadow imp (D:6)
  3 white imps
  An ufetubus (D:6)
  4 worms
  2 dart slugs
  28 orcs
  2 bats (D:1)
  8 endoplasms
  6 giant cockroaches
  7 goblins
  5 hobgoblins
  2 jackals (D:3)
  11 kobolds
  A quokka (D:3)
  5 ball pythons
  4 frilled lizards
  4 rats
205 creatures vanquished.

Vanquished Creatures (collateral kills)
  A basilisk (D:9)
  A vampire mosquito (D:9)
  An ice beast (D:6)
  A kobold brigand (D:9)
  2 kobolds (D:9)
6 creatures vanquished.

Vanquished Creatures (others)
  A black bear (D:6)
  2 bullfrogs (D:6)
  A howler monkey (D:6)
  An ufetubus (D:6)
  23 plants
28 creatures vanquished.

Grand Total: 239 creatures vanquished

Notes
Turn   | Place    | Note
-------+----------+-------------------------------------------
     0 | D:1      | wingedge the Minotaur Hunter began the quest for the Orb.
     0 | D:1      | Reached XP level 1. HP: 18/18 MP: 0/0
    45 | D:1      | Reached skill level 1 in Stealth
   129 | D:1      | Reached skill level 3 in Fighting
   239 | D:1      | Reached XP level 2. HP: 26/26 MP: 1/1
   597 | D:2      | Reached skill level 5 in Ranged Weapons
   606 | D:2      | Reached skill level 1 in Axes
   649 | D:2      | Reached XP level 3. HP: 31/31 MP: 2/2
   929 | D:2      | Found a faded altar of an unknown god.
  1305 | D:3      | Identified the +7 spear of Arrival {vorpal, rElec rPois
                  | rF-}
  1346 | D:3      | Reached skill level 1 in Armour
  1346 | D:3      | Reached XP level 4. HP: 36/38 MP: 3/3
  1458 | D:3      | Reached skill level 1 in Polearms
  1671 | D:3      | Found a broken altar of Ashenzari.
  1677 | D:3      | Became a worshipper of Ashenzari the Shackled
  1784 | D:3      | Noticed Natasha
  1789 | D:3      | Killed Natasha
  1802 | D:3      | Reached XP level 5. HP: 45/45 MP: 4/4
  1814 | D:3      | Noticed Natasha
  1819 | D:3      | Killed Natasha
  1877 | D:4      | Noticed a black bear
  2048 | D:4      | Killed a black bear
  2049 | D:4      | Reached XP level 6. HP: 49/51 MP: 5/5
  2089 | D:4      | Reached skill level 5 in Polearms
  2550 | D:4      | Reached XP level 7. HP: 49/57 MP: 6/6
  2954 | D:5      | Entered Level 5 of the Dungeon
  2978 | D:5      | Identified the +0 quarterstaff "Kanlef" {vorpal, rElec
                  | Dex+2}
  3015 | D:5      | Found a shimmering blue altar of Sif Muna.
  3343 | D:5      | Found a glowing silver altar of Zin.
  3343 | D:5      | Found an opulent altar of Gozag.
  3506 | D:6      | Reached skill level 4 in Fighting
  3514 | D:6      | Reached XP level 8. HP: 19/67 MP: 7/7
  3656 | D:6      | Reached skill level 5 in Fighting
  4063 | D:6      | Reached skill level 6 in Fighting
  4066 | D:6      | Found a staircase to the Ecumenical Temple.
  4082 | D:6      | Noticed Prince Ribbit
  4093 | D:6      | Killed Prince Ribbit
  4251 | D:6      | Reached skill level 1 in Throwing
  4563 | D:6      | Reached skill level 5 in Axes
  5017 | D:6      | Found a shimmering altar of Xom.
  5029 | D:6      | Noticed Grinder
  5029 | D:6      | Paralysed by Grinder for 4 turns
  5036 | D:6      | Killed Grinder
  5037 | D:6      | Reached skill level 5 in Armour
  5037 | D:6      | Reached XP level 9. HP: 74/75 MP: 8/8
  5302 | D:6      | Reached skill level 7 in Fighting
  5901 | D:7      | Got the Enchiridion on Creation and the Lungs
  6015 | D:7      | Reached skill level 8 in Fighting
  6133 | D:7      | Found an iron altar of Okawaru.
  6133 | D:7      | Found an ornate altar of the Wu Jian Council.
  6155 | D:7      | Reached skill level 1 in Evocations
  6367 | D:7      | You fall into a shaft and drop 1 floor!
  6505 | D:7      | Found a sacrificial altar of Ru.
  7086 | D:8      | Reached skill level 9 in Fighting
  7138 | D:8      | Reached skill level 10 in Fighting
  7333 | D:8      | Reached XP level 10. HP: 94/94 MP: 9/9
  7806 | D:8      | Reached skill level 1 in Shields
  8144 | D:9      | Noticed a two-headed ogre
  8162 | D:8      | Killed a two-headed ogre
  8435 | D:9      | Paralysed by a hornet for 1 turns
  8895 | D:9      | Noticed a death knight
  8899 | D:9      | Noticed a deep elf pyromancer
  8910 | D:9      | Noticed a purple ugly thing
  8911 | D:9      | Killed a death knight
  8912 | D:9      | Reached skill level 5 in Evocations
  8912 | D:9      | Reached skill level 11 in Fighting
  8913 | D:9      | Killed a purple ugly thing
  8913 | D:9      | Noticed a cyan ugly thing
  8919 | D:9      | Killed a cyan ugly thing
  8920 | D:9      | Reached XP level 11. HP: 33/104 MP: 10/10
  8933 | D:9      | Killed a deep elf pyromancer
  9399 | D:9      | Noticed a deep elf pyromancer
  9422 | D:9      | Killed a deep elf pyromancer
  9710 | D:9      | Found a staircase to the Orcish Mines.
  9818 | D:9      | Noticed a death knight
  9884 | D:9      | Identified the ring "Seurgh" {Str+3 SInv}
 10598 | D:9      | HP: 3/104 [death knight/+0 vorpal battleaxe (6)]
 10601 | D:9      | Annihilated by a death knight

Illustrated notes

Levels and vault maps discovered:
D:1:      dpeg_arrival_leaves_temple_mockup, layout_rooms, minmay_misc_feat_tiny
D:2:      layout_basic, ebering_ecumenical_altar_petrified
D:3:      layout_rooms, lemuel_round_altar, serial_bayou_lagoon_a, uniq_natasha
D:4:      layout_loops_ring, serial_rivers, chequers_serial_rivers_small_a,
          chequers_serial_rivers_marsh, chequers_serial_rivers_micro_c,
          chequers_serial_rivers_marsh, chequers_serial_rivers_marsh,
          chequers_serial_rivers_small_a, dreamdust_mushroom_princess,
          minmay_crystal_water
D:5:      layout_rooms, grunt_temple_overflow_gold_and_silver,
          lemuel_crystal_altar, kennysheep_nondescript
D:6:      layout_loops_ring, xom_confusion_cloud,
          minmay_temple_entry_glassed_door, corexii_shack, uniq_prince_ribbit1,
          uniq_grinder
D:7:      layout_cave_pods, nicolae_ru_awakened_eye,
          gammafunk_temple_overflow_wave
D:8:      layout_basic, kennysheep_dice
D:9:      minmay_the_grid_octo_2x2 [minmay_the_grid_octo_clover_2,
          minmay_the_grid_octo_clover, minmay_the_grid_octo_pinwheel,
          minmay_the_grid_octo_prize_square_snowflake], layout_cave_pools,
          orc_0_dummy, minmay_mirror_moons_of_madness

Skill      XL: |  1  2  3  4  5  6  7  8  9 10 11 |
---------------+----------------------------------+-----
Stealth        | 1 |  1.0
Fighting       | 3 4 6 10 11 | 11.7
Ranged Weapons | 5 6 |  6.2
Axes           | 1 3 6 8 9 |  9.2
Armour         | 1 2 3 5 |  5.7
Polearms       | 3 4 6 7 8 9 |  9.5
Dodging        | 3 4 |  4.0
Throwing       | 3 |  3.0
Evocations     | 3 5 |  5.0
Shields        | 3 |  3.6

Action                   |  1- 3 |  4- 6 |  7- 9 | 10-12 || total
-------------------------+-------+-------+-------+-------++-------
Melee: Rapier            |    10 |       |       |       ||    10
       Headbutt          |     5 |     1 |    24 |    23 ||    53
       War axe           |    13 |     2 |    59 |    52 ||   126
       Spear             |       |    50 |   127 |   123 ||   300
       Punch             |       |       |     5 |       ||     5
       Battleaxe         |       |       |       |     5 ||     5
 Fire: Shortbow          |    83 |    46 |    43 |       ||   172
       Sling             |       |       |       |    11 ||    11
Throw: Javelin           |       |     4 |     6 |     1 ||    11
       Boomerang         |       |       |     5 |       ||     5
       Dart              |       |       |       |     1 ||     1
Invok: Curse Item        |       |       |     1 |       ||     1
Evoke: Wand              |       |       |     9 |    33 ||    42
       Tin of tremorston |       |       |       |     2 ||     2
  Use: Scroll            |       |       |    16 |    11 ||    27
       Potion            |       |       |     3 |     5 ||     8
 Stab: Sleeping          |       |       |     1 |       ||     1
       Invisible         |       |       |       |     1 ||     1
Armor: Leather armour    |    12 |     4 |       |       ||    16
       Ring mail         |       |       |    31 |     8 ||    39
       Acid dragon scale |       |       |       |    41 ||    41
       Scale mail        |       |       |       |     7 ||     7
Dodge: Dodged            |    24 |    17 |    68 |    76 ||   185
Block: Buckler           |       |       |       |    43 ||    43

Table legend: (Time is in decaauts)
 A = Elapsed time spent in this place.
 B = Non-inter-level travel time spent in this place.
 C = Inter-level travel time spent in this place.
 D = Time resting spent in this place.
 E = Time spent auto-exploring this place.
 F = Levels seen in this place.
 G = Mean time per level.
                   A        B        C        D        E       F      G
               +--------+--------+--------+--------+--------+-----+--------+
         Total |  10541 |  10218 |    323 |   4166 |   3880 |   9 | 1171.2 |
       Dungeon |  10541 |  10218 |    323 |   4166 |   3880 |   9 | 1171.2 |
               +--------+--------+--------+--------+--------+-----+--------+

Top non-repeatable levels by time:
     D:8: 1894 daAuts
     D:6: 1859 daAuts
     D:9: 1737 daAuts
     D:7: 1159 daAuts
     D:4: 1119 daAuts
     D:5: 888 daAuts
     D:2: 731 daAuts
     D:3: 611 daAuts
     D:1: 541 daAuts
